 Dungeon Crawl Stone Soup version 0.30-a0-782-ge64f9170bb (webtiles) character file.

Game seed: 1951459753359742019

1502 HoaS the Skirmisher (level 8, -2/66 HPs)
             Began as a Gargoyle Hunter on Mar 15, 2023.
             Slain by Duvessa
             ... wielding a +0 rapier
              (5 damage)
             ... on level 4 of the Dungeon.
             The game lasted 00:10:31 (5221 turns).

HoaS the Skirmisher (Gargoyle Hunter)               Turns: 5221, Time: 00:10:32

Health: -2/66      AC: 24    Str: 16    XL:     8   Next: 82%
Magic:  8/8        EV:  2    Int:  9    God:
Gold:   363        SH:  0    Dex: 15    Spells: 7/7 levels left

rFire   . . .      SeeInvis +    (no weapon)
rCold   . . .      Faith    .    (no shield)
rNeg    + . .      Spirit   .    (body armour currently unavailable)
rPois   ∞          Reflect  .    (helmet currently unavailable)
rElec   .          Harm     .    (cloak currently unavailable)
rCorr   .          Rampage  .    (gloves currently unavailable)
Will    .....      NoTele   +    (boots currently unavailable)
Stlth   ++                       (no amulet)
HPRegen 0.31/turn                m - ring of see invisible
MPRegen 0.11/turn                (no ring)

@: tree-form (expiring)
A: stationary, stasis, torment immunity, boosted hp, sickness immunity, AC +5,
negative energy resistance 1, (electricity resistance), torment resistance 1,
petrification resistance
a: no special abilities


You were on level 4 of the Dungeon.
You were a tree.
You visited 2 branches of the dungeon, and saw 7 of its levels.

You collected 363 gold pieces.

Inventory:

Hand Weapons
 a - a +1 shortbow of flaming
Missiles
 l - 3 throwing nets
Armour
 c - a +1 leather armour (melded)
 q - a +0 pair of gloves (melded)
Jewellery
 m - a ring of see invisible (left branch)
Wands
 k - a wand of paralysis (30)
 o - a wand of acid (13)
Scrolls
 b - 2 scrolls of immolation
 d - 6 scrolls of teleportation
 f - 2 scrolls of blinking
 i - a scroll of torment
Potions
 e - 2 potions of curing
 h - a potion of ambrosia
 n - a potion of attraction


   Skills:
 - Level 2.1 Fighting
 + Level 11.4 Ranged Weapons
 - Level 1.5 Dodging
 - Level 1.1 Stealth


You had 7 spell levels left.
You didn't know any spells.
Your spell library contained the following spells:

 Spells                   Type           Power      Damage    Failure   Level
 Sandblast                Erth           0%         2d4       38%         1
 Ensorcelled Hibernation  Hex/Ice        0%         N/A       52%         2
 Passwall                 Tmut/Erth      0%         N/A       52%         2
 Poisonous Vapours        Pois/Air       0%         N/A       52%         2
 Mephitic Cloud           Conj/Pois/Air  0%         N/A       77%         3
 Ozocubu's Armour         Ice            0%         N/A       77%         3
 Spider Form              Tmut/Pois      0%         N/A       77%         3
 Stone Arrow              Conj/Erth      0%         3d7       77%         3
 Tukima's Dance           Hex            0%         N/A       77%         3
 Anguish                  Hex/Necr       0%         N/A       99%         4
 Passage of Golubria      Tloc           0%         N/A       99%         4
 Alistair's Intoxication  Tmut/Pois      0%         N/A       100%        5
 Borgnjor's Vile Clutch   Necr/Erth      0%         N/A       100%        5
 Metabolic Englaciation   Hex/Ice        0%         N/A       100%        5
 Yara's Violent Unravell  Hex/Tmut       0%         3d3       100%        5
 Eringya's Noxious Bog    Tmut/Pois      0%         N/A       100%        6
 Simulacrum               Ice/Necr       0%         N/A       100%        6
 Cigotuvi's Dreadful Rot  Necr/Pois/Air  Unusable   N/A       N/A         2

Dungeon Overview and Level Annotations

Branches:
Dungeon (6/15)             Temple (1/1) D:4

Altars:
Ashenzari
Cheibriados
Dithmenos
Fedhas
Gozag
Hepliaklqana
Makhleb
Nemelex Xobeh
Ru
Sif Muna
Uskayaw
Vehumet
Wu Jian
Xom
Yredelemnul
The Shining One

Annotations:
D:4 Duvessa


Innate Abilities, Weirdness & Mutations

You are a tree.
Your roots penetrate the ground, keeping you stationary.
You cannot be teleported.
You are immune to unholy pain and torment.
Your maximum health is greatly increased.
Your equipment is partially melded.
You are immune to sickness and miasma.
((Your stone body is resilient. (AC +5)))
You are immune to poison.
You resist negative energy. (rN+)
((You are resistant to electric shocks. (rElec)))
You are resistant to unholy torment.
You are immune to petrification.


Message History

Duvessa hits you but does no damage.
You hit Duvessa.
Duvessa is lightly wounded.
Duvessa barely misses you. Duvessa hits you with a +0 rapier.
You hit Duvessa.
Duvessa is lightly wounded.
Duvessa hits you but does no damage.
You smack Duvessa!
Duvessa is moderately wounded.
Duvessa hits you with a +0 rapier! Duvessa hits you but does no damage.
You hit Duvessa.
Duvessa is moderately wounded.
Duvessa hits you with a +0 rapier.
You hit Duvessa.
Duvessa is heavily wounded.
Duvessa hits you with a +0 rapier! Duvessa hits you but does no damage.
You smack Duvessa!
Duvessa is heavily wounded.
Duvessa hits you but does no damage.
You barely miss Duvessa.
Duvessa is heavily wounded.
Duvessa hits you but does no damage. x2
You hit Duvessa but do no damage.
Duvessa is heavily wounded.
Duvessa hits you but does no damage.
You barely miss Duvessa.
Duvessa is heavily wounded.
Your transformation is almost over.
Duvessa hits you with a +0 rapier!
* * * LOW HITPOINT WARNING * * *
Duvessa hits you with a +0 rapier.
* * * LOW HITPOINT WARNING * * *
You hit Duvessa but do no damage.
Duvessa is heavily wounded.
Duvessa hits you with a +0 rapier!
* * * LOW HITPOINT WARNING * * *
You smack Duvessa!
Duvessa is severely wounded.
Duvessa barely misses you. Duvessa hits you with a +0 rapier.
You die...

....##.....###......###..........
...........#......##.#.......<...
....###......................>...
.....#...............#.....#.....
....##......#......###....###....
.....###..###.......##....#####..
.##...#...# #.......###....# #...
#####.....####.............###...
##...........♣...........#....
#...#........e................
##..#........#................
#...........##......##........
#..#.#..##..#.............####
#..........#..............# #.
#.#.#.#....###.......##...####
##.......### ##............###
#.#.#.#.# #...............


You could see Duvessa (berserk).

Vanquished Creatures
  2 steam dragons (D:6)
  A water moccasin (D:6)
  A black bear (D:5)
  A bullfrog (D:6)
  Blork the orc (D:4)
  A necrophage (D:5)
  3 scorpions
  Dowan (D:4)
  A hound (D:6)
  2 jellies (D:6)
  An orc priest (D:5)
  6 iguanas
  An orc wizard (D:6)
  14 adders
  8 gnolls
  A shadow imp (D:4)
  A white imp (D:6)
  An ufetubus (D:5)
  6 worms
  A dart slug (D:4)
  16 orcs
  6 endoplasms
  6 giant cockroaches
  6 goblins
  6 hobgoblins
  6 jackals
  7 kobolds
  2 quokkas
  12 ball pythons
  4 bats
  2 frilled lizards
  7 rats
134 creatures vanquished.

Notes
Turn   | Place    | Note
-------+----------+-------------------------------------------
     0 | D:1      | HoaS the Gargoyle Hunter began the quest for the Orb.
     0 | D:1      | Reached XP level 1. HP: 12/12 MP: 1/1
    65 | D:1      | Reached XP level 2. HP: 17/17 MP: 2/2
   860 | D:1      | Reached skill level 5 in Ranged Weapons
   860 | D:1      | Reached XP level 3. HP: 15/21 MP: 3/3
  1223 | D:2      | Reached XP level 4. HP: 24/26 MP: 4/4
  1568 | D:3      | Reached skill level 6 in Ranged Weapons
  1614 | D:3      | Reached XP level 5. HP: 22/30 MP: 5/5
  2410 | D:4      | Noticed Blork the orc
  2520 | D:4      | Killed Blork the orc
  2521 | D:4      | Reached skill level 7 in Ranged Weapons
  2521 | D:4      | Reached XP level 6. HP: 35/35 MP: 6/6
  2528 | D:4      | Found a staircase to the Ecumenical Temple.
  2558 | Temple   | Entered the Ecumenical Temple
  2778 | D:4      | Found a glowing golden altar of the Shining One.
  2794 | D:4      | Noticed Dowan
  2796 | D:4      | Noticed Duvessa
  2813 | D:4      | Killed Dowan
  2896 | D:4      | Reached skill level 8 in Ranged Weapons
  3166 | D:4      | Reached XP level 7. HP: 31/40 MP: 7/7
  3314 | D:4      | Found a sacrificial altar of Ru.
  3401 | D:5      | Entered Level 5 of the Dungeon
  3653 | D:5      | Reached skill level 9 in Ranged Weapons
  4245 | D:6      | Reached XP level 8. HP: 33/44 MP: 8/8
  4312 | D:6      | Reached skill level 10 in Ranged Weapons
  4813 | D:6      | Reached skill level 11 in Ranged Weapons
  5220 | D:4      | HP: 2/66 [Duvessa/+0 rapier (9)]
  5221 | D:4      | Slain by Duvessa

Illustrated notes

Levels and vault maps discovered:
D:1:      heliophobic_arrival_battle_scene, layout_basic,
          palyth_stone_intersect, minivault_11
D:2:      layout_rooms
D:3:      minmay_wonky_spiral, layout_basic, kennysheep_flooded_box
D:4:      layout_cave_pools, nicolae_ru_the_path_less_chosen,
          lemuel_crystal_altar, temple_fountains, hex_tiny, hex_medium,
          uniq_blork_the_orc, uniq_duvessa
D:5:      layout_basic
D:6:      cheibrodos_steamvent, layout_loops_cross
Temple:   nicolae_temple_superstar

Skill      XL: |  1  2  3  4  5  6  7  8 |
---------------+-------------------------+-----
Ranged Weapons | 5 6 7 8 9 11 | 11.4
Fighting       | |  2.1
Dodging        | |  1.5
Stealth        | |  1.1

Action                     |  1- 3 |  4- 6 |  7- 9 || total
---------------------------+-------+-------+-------++-------
  Melee: Unarmed           |       |       |    18 ||    18
   Fire: Shortbow          |   104 |   211 |   192 ||   507
    Use: Scroll            |     6 |     6 |     7 ||    19
         Potion            |       |       |     3 ||     3
 Armour: Leather armour    |    23 |    37 |    56 ||   116
         Skin              |       |       |    15 ||    15
  Dodge: Dodged            |    33 |    64 |    76 ||   173

Table legend: (Time is in decaauts)
 A = Elapsed time spent in this place.
 B = Non-inter-level travel time spent in this place.
 C = Inter-level travel time spent in this place.
 D = Time resting spent in this place.
 E = Time spent auto-exploring this place.
 F = Levels seen in this place.
 G = Mean time per level.
                   A        B        C        D        E       F      G
               +--------+--------+--------+--------+--------+-----+--------+
         Total |   5303 |   5005 |    298 |    962 |   3074 |   7 |  757.6 |
       Dungeon |   5183 |   4885 |    298 |    962 |   2974 |   6 |  863.8 |
        Temple |    119 |    119 |      0 |      0 |    100 |   1 |  119.0 |
               +--------+--------+--------+--------+--------+-----+--------+

Top non-repeatable levels by time:
     D:3: 941 daAuts
     D:4: 924 daAuts
     D:1: 920 daAuts
     D:6: 902 daAuts
     D:5: 791 daAuts
     D:2: 702 daAuts
  Temple: 119 daAuts
